 Dungeon Crawl Stone Soup version 0.29-a0-845-g6161e89988 (webtiles) character file.

Game seed: 13575273816274194848

975 SkeletonJelly the Chopper (level 7, -2/62 HPs)
             Began as a Minotaur Fighter on July 15, 2022.
             Was a Follower of Uskayaw.
             Killed by vampiric draining
             ... invoked by a vampire
              (9 damage)
             ... on level 6 of the Dungeon.
             The game lasted 00:06:54 (4637 turns).

SkeletonJelly the Chopper (Minotaur Fighter)        Turns: 4637, Time: 00:06:54

Health: -2/62      AC: 11    Str: 23    XL:     7   Next: 95%
Magic:  1/10       EV:  9    Int:  5    God:    Uskayaw [*.....]
Gold:   347        SH:  4    Dex:  9    Spells: 6/6 levels left

rFire   . . .      SeeInvis .   a - +0 war axe
rCold   . . .      Faith    .   c - +0 buckler
rNeg    . . .      Spirit   .   b - +0 scale mail
rPois   .          Reflect  .   t - +2 hat
rElec   .          Harm     .   (no cloak)
rCorr   .          Rampage  .   j - +0 pair of gloves
Will    .....                   v - +0 pair of boots
Stlth   ..........              (no amulet)
HPRegen 0.20/turn               (no ring)
MPRegen 0.12/turn               (no ring)

@: no status effects
A: horns 2, retaliatory headbutt
a: Renounce Religion, Stomp


You were on level 6 of the Dungeon.
You worshipped Uskayaw.
Uskayaw was noncommittal.
You visited 2 branches of the dungeon, and saw 7 of its levels.

You collected 347 gold pieces.

Inventory:

Hand Weapons
 a - a +0 war axe (weapon)
 n - a +0 short sword of electrocution
Missiles
 w - 3 poisoned darts (quivered)
Armour
 b - a +0 scale mail (worn)
 c - a +0 buckler (worn)
 j - a +0 pair of gloves (worn)
 t - a +2 hat (worn)
 v - a +0 pair of boots (worn)
Scrolls
 f - 5 scrolls of identify {unknown}
 g - 2 scrolls of immolation {unknown}
 h - a scroll of fog {unknown}
 i - 3 scrolls of amnesia {unknown}
 l - a scroll of fear {unknown}
 p - a scroll of teleportation {unknown}
 r - 2 scrolls of poison {unknown}
 x - a scroll of blinking {unknown}
 y - a scroll of brand weapon {unknown}
Potions
 d - a potion of might
 e - a potion of heal wounds {unknown}
 k - 2 potions of haste {unknown}
 m - a potion of degeneration {unknown}
 o - 2 potions of resistance {unknown}
 q - 4 potions of mutation {unknown}
 s - 2 potions of cancellation {unknown}
 u - a potion of lignification {unknown}


   Skills:
 + Level 5.8 Fighting
 * Level 7.1 Axes
 - Level 3.6 Armour
 - Level 3.6 Shields
 + Level 5.9 Invocations


You had 6 spell levels left.
You didn't know any spells.
Your spell library contained the following spells:

 Spells                   Type           Power      Damage    Failure   Level
 Shock                    Conj/Air       0%         1d3       86%         1
 Swiftness                Air            0%         N/A       99%         3
 Airstrike                Air            0%         0-1+      100%        4


Dungeon Overview and Level Annotations

Branches:
Dungeon (6/15)             Temple (1/1) D:4

Altars:
Dithmenos
Elyvilon
Fedhas
Gozag
Hepliaklqana
Kikubaaqudgha
Makhleb
Okawaru
Qazlal
Sif Muna
Trog
Uskayaw
Wu Jian
Xom
Yredelemnul
Zin
The Shining One

Shops:
D:4 (


Innate Abilities, Weirdness & Mutations

You have a pair of horns on your head.
You reflexively headbutt those who attack you in melee.


Message History

No target in view!
No target in view!
No target in view!
Things that are here:
a +0 war axe; a +0 ring mail; an orc corpse Key pressed, stopping explore.
Found a rapier.
Health restored: 62 Key pressed, stopping explore.
Key pressed, stopping explore.
A sky beast comes into view.
A sky beast is nearby!
You barely miss the sky beast.
You headbutt the sky beast, but do no damage.
You block the sky beast's attack.
You barely miss the sky beast.
The sky beast hits you but does no damage.
You hit the sky beast but do no damage.
The sky beast hits you but does no damage.
You slash the sky beast! Your headbutt misses the sky beast.
The sky beast is heavily wounded.
A vampire comes into view.
The sky beast hits you but does no damage. x2
You slash the sky beast!
The sky beast is severely wounded.
The sky beast misses you. You furiously retaliate!
You headbutt the sky beast.
You can now pass through a line of other dancers.
You barely miss the sky beast.
The sky beast is almost dead.
The sky beast hits you but does no damage.
You miss the sky beast. Your headbutt misses the sky beast.
The sky beast is almost dead.
The sky beast hits you but does no damage.
You hit the sky beast but do no damage.
The sky beast is almost dead.
The sky beast flickers out of sight!
Deactivating autopickup; reactivate with Ctrl-A.
You block something's attack. Something hits you. Something shocks you.
You take 6 damage, and have 56/62 hp.
You closely miss something. Something hits you. Something shocks you.
You can no longer pass through a line of other dancers.
You take 8 damage, and have 48/62 hp.
You barely miss something. Something hits you but does no damage.
You hit something. You headbutt something.
Reactivating autopickup.
You feel a bit more experienced.
You can now pass through a line of other dancers.
Your Axes skill increases to level 7!
You hit the vampire.
The vampire is lightly damaged.
The vampire hits you!
The vampire bites you but does no damage.
You take 8 damage, and have 41/62 hp.
You barely miss the vampire.
The vampire is lightly damaged.
The vampire barely misses you. The vampire bites you.
The vampire draws strength from your injuries!
You take 6 damage, and have 35/62 hp.
You hit the vampire.
The vampire is lightly damaged.
The vampire hits you but does no damage.
The vampire bites you.
The vampire draws strength from your injuries!
The vampire closely misses you. You furiously retaliate!
You headbutt the vampire.
The vampire bites you but does no damage.
You take 4 damage, and have 31/62 hp.
You are too injured to fight recklessly!
You are too injured to fight recklessly!
You stomp with the beat, sending a shockwave through the revellers around you!
The vampire is heavily damaged.
The vampire completely misses you.
The vampire bites you but does no damage.
You now have 7/10 mp.
You stomp with the beat, sending a shockwave through the revellers around you!
The vampire is severely damaged.
You can no longer pass through a line of other dancers.
The vampire draws life force from you!!
* * * LOW HITPOINT WARNING * * *
The vampire is healed by the life force!
You can now pass through a line of other dancers.
You take 18 damage, and have 13/62 hp.
MASSIVE DAMAGE!!
You now have 4/10 mp.
You stomp with the beat, sending a shockwave through the revellers around you!
The vampire is severely damaged.
You can no longer pass through a line of other dancers.
The vampire hits you but does no damage.
You block the vampire's attack.
You now have 1/10 mp.
You don't have enough magic at the moment.
You don't have enough magic at the moment.
You closely miss the vampire.
The vampire is heavily damaged.
The vampire hits you!
* * * LOW HITPOINT WARNING * * *
The vampire bites you but does no damage.
You take 7 damage, and have 6/62 hp.
You slash the vampire!
The vampire is almost destroyed.
The vampire draws life force from you!
You die...

#########.#####.# #.
#...............# #.
#.#############.###.
#.# #...##.. ###.#
#.###.#) #...###
#.##.### #...#...#
#.###.#. #.#.#.#.#
#.# ##.# .. .###.@#
#.####.# ## ##
##V..# #.......
.##.# #..###.# ## .#
#..##... # #.......
##.##... #......
####... ####


You could see a vampire.

Vanquished Creatures
  A sky beast (D:6)
  An ogre (D:5)
  A phantom (D:5)
  3 bullfrogs
  A necrophage (D:5)
  2 hounds
  An orc priest (D:4)
  A gnoll bouda (D:5)
  Ijyb (D:4)
  2 iguanas
  An orc wizard (D:6)
  8 gnolls (D:5)
  6 adders
  An ufetubus (D:5)
  2 worms
  2 dart slugs (D:3)
  5 orcs
  4 ball pythons
  3 bats
  5 endoplasms
  9 giant cockroaches
  6 hobgoblins
  3 jackals (D:2)
  6 quokkas
  4 frilled lizards
  6 goblins
  8 kobolds
  9 rats
102 creatures vanquished.

Vanquished Creatures (others)
  A fungus (D:1)
1 creature vanquished.

Grand Total: 103 creatures vanquished

Notes
Turn   | Place    | Note
-------+----------+-------------------------------------------
     0 | D:1      | SkeletonJelly the Minotaur Fighter began the quest for the
                  | Orb.
     0 | D:1      | Reached XP level 1. HP: 19/19 MP: 0/0
   154 | D:1      | Reached skill level 3 in Axes
   179 | D:1      | Reached XP level 2. HP: 27/27 MP: 1/1
   942 | D:2      | Reached XP level 3. HP: 32/33 MP: 2/2
  1147 | D:2      | Reached skill level 4 in Axes
  1739 | D:3      | Reached XP level 4. HP: 40/41 MP: 3/3
  1746 | D:3      | Found a bloodstained altar of Trog.
  2073 | D:3      | Found a faded altar of an unknown god.
  2452 | D:4      | Reached skill level 5 in Axes
  2601 | D:4      | Noticed a bullfrog
  2607 | D:4      | Killed a bullfrog
  2608 | D:4      | Reached skill level 5 in Fighting
  2608 | D:4      | Reached XP level 5. HP: 48/48 MP: 4/4
  2656 | D:4      | Found a staircase to the Ecumenical Temple.
  2662 | D:4      | Reached skill level 6 in Axes
  2667 | Temple   | Entered the Ecumenical Temple
  2833 | Temple   | Became a worshipper of Uskayaw the Reveller
  2852 | D:4      | Found a shadowy altar of Dithmenos.
  2963 | D:4      | Reached * piety under Uskayaw
  3090 | D:4      | Found Volit's Weapon Boutique.
  3203 | D:4      | Reached skill level 1 in Invocations
  3413 | D:4      | Noticed Ijyb
  3419 | D:4      | Reached ** piety under Uskayaw
  3420 | D:4      | Killed Ijyb
  3421 | D:4      | Reached XP level 6. HP: 39/56 MP: 4/6
  3584 | D:5      | Entered Level 5 of the Dungeon
  3650 | D:5      | Reached *** piety under Uskayaw
  3654 | D:5      | Reached **** piety under Uskayaw
  3748 | D:5      | Found a blossoming altar of Fedhas.
  3767 | D:5      | Reached XP level 7. HP: 25/61 MP: 9/9
  4108 | D:5      | Reached skill level 5 in Invocations
  4622 | D:6      | Noticed a vampire
  4630 | D:6      | Reached skill level 7 in Axes
  4637 | D:6      | Killed from afar by a vampire

Illustrated notes

Levels and vault maps discovered:
D:1:      dpeg_arrival_prison, layout_basic
D:2:      layout_loops_cross, minmay_quadrilaterals
D:3:      layout_basic, mainiacjoe_overflow_cross_hatched,
          shapermc_ecumenical_altar_ellora
D:4:      layout_basic, nicolae_dithmenos_shadow_blocks,
          minmay_temple_entry_proselytizer, serial_shops, nicolae_diamond_shop,
          uniq_ijyb
D:5:      layout_basic, fedhas_ov_isle_minmay
D:6:      minmay_chambers_of_fours, layout_loops_cross, minmay_manual_monstrance
Temple:   compressed_dpeg_circular_temple

Skill      XL: |  1  2  3  4  5  6  7 |
---------------+----------------------+-----
Axes           | 3 4 5 6 7 |  7.1
Fighting       | 4 5 |  5.8
Invocations    | 1 4 5 |  5.9
Armour         | |  3.6
Shields        | |  3.6

Action                   |  1- 3 |  4- 6 |  7- 9 || total
-------------------------+-------+-------+-------++-------
Melee: War axe           |   100 |   102 |    59 ||   261
       Headbutt          |    11 |    17 |     7 ||    35
Invok: Stomp             |       |       |     3 ||     3
 Stab: Paralysed         |       |     2 |     2 ||     4
Armor: Scale mail        |    35 |    63 |    32 ||   130
Dodge: Dodged            |    34 |    48 |    23 ||   105
Block: Buckler           |    22 |    19 |    13 ||    54

Table legend: (Time is in decaauts)
 A = Elapsed time spent in this place.
 B = Non-inter-level travel time spent in this place.
 C = Inter-level travel time spent in this place.
 D = Time resting spent in this place.
 E = Time spent auto-exploring this place.
 F = Levels seen in this place.
 G = Mean time per level.
                   A        B        C        D        E       F      G
               +--------+--------+--------+--------+--------+-----+--------+
         Total |   4711 |   4535 |    176 |      0 |   3871 |   7 |  673.0 |
       Dungeon |   4534 |   4367 |    167 |      0 |   3738 |   6 |  755.7 |
        Temple |    176 |    167 |      9 |      0 |    133 |   1 |  176.0 |
               +--------+--------+--------+--------+--------+-----+--------+

Top non-repeatable levels by time:
     D:4: 993 daAuts
     D:1: 903 daAuts
     D:2: 860 daAuts
     D:5: 853 daAuts
     D:3: 704 daAuts
     D:6: 219 daAuts
  Temple: 176 daAuts
